cohdb
Replays
Latest Replays
All Replays
Popular Replays
Top Player Replays
Match Explorer
How It Works
Community
CoH3 Stats
Reddit
Sign in to upload your games and track your stats! →
Sign in with Steam
Match 41963680
Unlisted
Match 41963680
Overview
Messages
Build Orders
End
Scout Squad
Construct Barracks
Selects Heavy Weapons
1⁄4-ton 4x4 Truck
Riflemen Squad
Construct Weapon Support Center
M1919 Machine Gun Team
Mechanized Support Center
Selects Assault Carriers
M3 Assault Carrier
M3 Assault Carrier
M1918 Browning Automatic Rifles
M1919 Machine Gun Team
Riflemen Squad
Selects Halftrack Strongpoints
Selects M2HB .50cal Heavy Machine Gun
M3 Assault Carrier
Engineer Squad
Construct Medical Station
M1919 Machine Gun Team
Riflemen Squad
Construct Tank Depot
M1919 Machine Gun Team
M18 Hellcat Tank Destroyer
M18 Hellcat Tank Destroyer
Selects Rapid Reposition
Selects Black Dragon Artillery Barrage
M1 Mortar Team
Riflemen Squad
M4A1 Sherman Medium Tank
M4A1 76mm Conversion
Riflemen Squad
M4A1(76) Sherman Medium Tank
M1919 Machine Gun Team
Rapid Repairs
Selects M26 Pershing Heavy Tank
M26 Pershing Heavy Tank
Black Dragon Artillery Barrage
neko chan
Insomniac
Seafrog
salandtwig
0
0
Comments
sign in to comment!
No comments posted yet!